 Dungeon Crawl Stone Soup version 0.18-a0-1789-gbeff17f (webtiles) character file.

3812 epen the Archer (level 9, -3/66 HPs)
             Began as a Centaur Hunter on Apr 21, 2016.
             Was an Elder of Okawaru.
             Slain by an orc warrior
             ... wielding a +0 war axe
              (8 damage)
             ... on level 7 of the Dungeon.
             The game lasted 00:29:12 (11913 turns).

epen the Archer (Centaur Hunter)                   Turns: 11913, Time: 00:29:12

Health: -3/66      AC:  8    Str: 18    XL:     9   Next: 97%
Magic:  14/14      EV: 12    Int: 10    God:    Okawaru [****..]
Gold:   333        SH:  4    Dex: 10    Spells: 0 memorised, 8 levels left

rFire  . . .     SeeInvis .     M - +1 spear
rCold  . . .     Gourm    .     J - +0 robe "Eryigh" {rElec rN+ MR+ Stlth-}
rNeg   + + .     Faith    .     (no shield)
rPois  .         Spirit   .     (no helmet)
rElec  +         Dismiss  .     (no cloak)
rCorr  .         Reflect  +     (no gloves)
SustAt .         Harm     .     (no barding)
MR     ++...                    l - +2 amulet of reflection
Stlth  ..........               (no ring)
                                k - ring of positive energy

@: very quick, very resistant to hostile enchantments, extremely unstealthy
A: hooves 3, large bone plates 1, yellow scales 1, deformed body, speed 2, frail
1, magic resistance 1, tough skin 3
a: Heroism, Renounce Religion


You were on level 7 of the Dungeon.
You worshipped Okawaru.
Okawaru was greatly pleased with you.
You were hungry.

You visited 2 branches of the dungeon, and saw 9 of its levels.
You also visited: Sewer.

You collected 333 gold pieces.

Inventory:

Hand Weapons
 a - a +2 shortbow
 b - a +0 short sword
 M - a +1 spear (weapon)
Missiles
 D - an arrow
Armour
 c - a +0 leather armour
 j - a +1 ring mail
 x - a +0 scale mail
 B - a +1 plate armour of poison resistance
 J - the +0 robe "Eryigh" (worn) {rElec rN+ MR+ Stlth-}
   (You found it on level 8 of the Dungeon)

   It insulates you from electricity.
   It protects you from negative energy.
   It affects your resistance to hostile enchantments.
   It makes you less stealthy.
Jewellery
 k - a ring of positive energy (left hand)
 l - a +2 amulet of reflection (around neck)
 m - an uncursed amulet of rage
 r - an uncursed amulet of the gourmand
Wands
 s - a wand of disintegration (10/24)
 t - a wand of teleportation (3/9)
 y - a wand of flame (12/48)
Scrolls
 q - a scroll of fog
 u - 3 scrolls of amnesia
 v - a scroll of recharging
 C - a scroll of identify
 E - a scroll of magic mapping
 F - a scroll of remove curse
 I - a scroll of enchant weapon
Potions
 d - 2 potions of invisibility {unknown}
 e - a potion of beneficial mutation {unknown}
 g - 2 potions of might
 i - a potion of berserk rage {unknown}
 n - 5 potions of curing
 o - 3 potions of heal wounds
 p - a potion of agility {unknown}
 w - 3 potions of brilliance
 z - 2 potions of flight
 A - 2 potions of magic {unknown}
 G - a potion of lignification {unknown}
 K - a potion of haste {unknown}
Comestibles
 f - 2 bread rations
 h - 6 meat rations
 H - a beef jerky


   Skills:
 + Level 5.2 Fighting
 * Level 11.0 Bows
 + Level 3.6 Armour
 * Level 6.0 Dodging
 - Level 0.5 Stealth
 * Level 6.8 Invocations


You had 8 spell levels left.
You didn't know any spells.

Dungeon Overview and Level Annotations

Branches:
Dungeon (8/15)             Temple (1/1) D:4
   Lair: D:8-11

Altars:
Ashenzari
Cheibriados
Kikubaaqudgha
Nemelex Xobeh
Okawaru
Qazlal
Sif Muna
Xom
The Shining One

Shops:
D:7 [

Annotations:
D:4 Prince Ribbit


Innate Abilities, Weirdness & Mutations

You have hooves in place of feet.
Armour fits poorly on your strangely shaped body.
You cover ground very quickly.
You have extremely tough skin (AC +3).
You are partially covered in large bone plates (AC +2, SH +2).
You are partially covered in yellow scales (AC +2).
You are frail (-10% HP).
You are resistant to hostile enchantments.


Message History

You hit the orc warrior but do no damage.
Your kick misses the orc warrior.
The orc warrior is almost dead.
The orc warrior barely misses you.
You hit the orc warrior but do no damage.
Your kick misses the orc warrior.
The orc warrior is almost dead.
The orc warrior barely misses you.
You barely miss the orc warrior.
You kick the orc warrior, but do no damage.
The orc warrior is almost dead.
You barely miss the orc warrior. Your kick misses the orc warrior.
The orc warrior is almost dead.
The orc warrior hits you with a war axe!!
* * * LOW HITPOINT WARNING * * *
You hit the orc warrior.
You kick the orc warrior, but do no damage.
The orc warrior is almost dead.
The orc warrior hits you with a war axe!
You die...

...†..# #..##### #.#.#
..)...####[## ##.#.##
...........# #..#..#
.....#.##### #.###.#
.....#.################.#...#
.............[............###
....>.........#########.###
..>.)##......########.....#
..[......(..((.o@.........#
#####################.....#
#.....# #######


You could see an orc warrior.

Vanquished Creatures
  A yak (D:7)
  Grum (D:7)
  A hippogriff (D:7)
  2 water moccasins
  An orc warrior (D:5)
  3 ice beasts
  A sky beast (D:6)
  3 ogres
  A phantom (D:4)
  4 wolves (D:7)
  2 centaurs (D:5)
  3 big kobolds (Sewer)
  5 giant frogs
  A scorpion (D:6)
  7 wights
  3 howler monkeys (D:7)
  3 crimson imps
  A giant frog zombie (D:8)
  6 orc wizards
  4 orc priests
  3 hounds
  An iron imp (D:5)
  An iguana (D:7)
  3 worker ants
  3 howler monkey zombies
  5 adders
  4 gnolls (D:5)
  3 shadow imps
  2 oozes
  An adder skeleton (D:4)
  2 worms (D:4)
  8 dart slugs
  2 giant geckos
  16 orcs
  10 bats
  A giant cockroach (Sewer)
  9 goblins
  6 hobgoblins
  4 jackals (D:5)
  19 kobolds
  2 quokkas
  6 ball pythons
  9 giant newts
  3 goblin skeletons (D:5)
  2 goblin zombies (D:5)
  2 hobgoblin zombies (D:5)
  3 kobold skeletons (D:5)
  An orc skeleton (D:5)
  An orc zombie (D:5)
  10 rats
195 creatures vanquished.

Notes
Turn   | Place    | Note
--------------------------------------------------------------
     0 | D:1      | epen the Centaur Hunter began the quest for the Orb.
     0 | D:1      | Reached XP level 1. HP: 17/17 MP: 1/1
   323 | D:1      | Reached XP level 2. HP: 16/24 MP: 2/2
   549 | D:1      | Reached skill level 6 in Bows
   825 | D:1      | Reached XP level 3. HP: 22/29 MP: 3/3
  1852 | D:2      | Found a sparkling altar of Nemelex Xobeh.
  1897 | D:2      | Reached XP level 4. HP: 37/37 MP: 4/4
  2218 | D:3      | Found a faded altar to an unknown god.
  2804 | D:3      | Found a sparkling altar of Nemelex Xobeh.
  2943 | D:4      | Found a glowing drain.
  3009 | Sewer    | Entered a sewer
  3043 | Sewer    | Noticed a big kobold
  3090 | Sewer    | Killed a big kobold
  3090 | Sewer    | Reached skill level 1 in Armour
  3090 | Sewer    | Reached XP level 5. HP: 36/42 MP: 5/5
  3393 | Sewer    | Reached skill level 7 in Bows
  3586 | Sewer    | Reached XP level 6. HP: 50/50 MP: 6/6
  4148 | D:4      | Found a staircase to the Ecumenical Temple.
  4154 | Temple   | Entered the Ecumenical Temple
  4172 | Temple   | Became a worshipper of Warmaster Okawaru
  4333 | D:4      | Reached skill level 1 in Invocations
  4853 | D:4      | Reached skill level 8 in Bows
  4853 | D:4      | Reached XP level 7. HP: 57/57 MP: 7/7
  4953 | D:5      | Entered Level 5 of the Dungeon
  4975 | D:5      | Noticed Prince Ribbit
  6024 | D:5      | Found a shattered altar of Ashenzari.
  6291 | D:5      | Reached * piety under Okawaru
  6401 | D:5      | Found a deep blue altar of Sif Muna.
  6401 | D:5      | Found a shimmering altar of Xom.
  6621 | D:5      | Reached XP level 8. HP: 18/64 MP: 10/10
  7015 | D:5      | Found a glowing golden altar of the Shining One.
  7078 | D:5      | Reached skill level 9 in Bows
  7481 | D:5      | Found a snail-covered altar of Cheibriados.
  7625 | D:6      | Gained mutation: You are partially covered in yellow scales (AC +2). [mutagenic meat]
  7626 | D:6      | Gained mutation: Your spells are a little harder to cast, but a little more powerful. [mutagenic meat]
  7627 | D:6      | Gained mutation: You are partially covered in large bone plates (AC +2, SH +2). [mutagenic meat]
  7628 | D:6      | Gained mutation: You are resistant to hostile enchantments. [mutagenic meat]
  7629 | D:6      | Lost mutation: Your spells are a little harder to cast, but a little more powerful. [mutagenic meat]
  7630 | D:6      | Gained mutation: You are frail (-10% HP). [mutagenic meat]
  7788 | D:6      | Found a stormy altar of Qazlal.
  7865 | D:6      | Found a deep blue altar of Sif Muna.
  7940 | D:6      | Reached ** piety under Okawaru
  8937 | D:6      | Reached skill level 5 in Invocations
  9033 | D:6      | Reached skill level 5 in Dodging
  9033 | D:6      | Reached XP level 9. HP: 59/64 MP: 12/12
  9171 | D:6      | Reached skill level 10 in Bows
  9345 | D:7      | Found Toxei's Antique Armour Shop.
  9660 | D:7      | Reached *** piety under Okawaru
 10194 | D:8      | Got an ichor-stained robe
 10208 | D:8      | Identified the +0 robe "Eryigh" {rElec rN+ MR+ Stlth-} (You found it on level 8 of the Dungeon)
 10323 | D:8      | Received a gift from Okawaru
 10469 | D:8      | Noticed Grum
 10815 | D:7      | Reached skill level 5 in Fighting
 11399 | D:7      | Killed Grum
 11661 | D:7      | Reached **** piety under Okawaru
 11661 | D:7      | Reached skill level 11 in Bows
 11913 | D:7      | Slain by an orc warrior

Vault maps used:
D:1:      elethiomel_arrival_maze
D:2:      nicolae_overflow_hidden_temple
D:3:      first_bread, ecumenical_altar_1, nrook_uturn,
          nemelex_dance_club_becter
D:4:      minmay_temple_entry_grid, portal_sewer_entry_a
D:5:      kennysheep_mini, nicolae_ashenzari_panopticon,
          nicolae_tso_besieged_by_evil, gammafunk_temple_overflow_elements,
          uniq_prince_ribbit1
D:6:      grunt_qazlal_clouds, basic_altar
D:7:      serial_shops, nicolae_shop_overgrown_old_shop
D:8:      dpeg_lair_monsters, uniq_erolcha, uniq_grum, uniq_erica
Temple:   oiseaux_autumnal_temple_12
Sewer:    kennysheep_pipe_town

Skill      XL: |  1  2  3  4  5  6  7  8  9 |
---------------+----------------------------+-----
Bows           | 6 7 8 9 11 | 11.0
Dodging        | 2 3 4 5 6 |  6.0
Armour         | 1 2 3 |  3.6
Fighting       | 3 4 5 |  5.2
Invocations    | 1 2 5 6 |  6.8
Stealth        | |  0.5

Action                   |  1- 3 |  4- 6 |  7- 9 || total
-------------------------+-------+-------+-------++-------
Melee: Short sword       |   139 |   205 |   501 ||   845
       Kick              |    28 |    41 |   151 ||   220
       Spear             |       |       |   146 ||   146
 Fire: Shortbow          |    19 |    67 |   286 ||   372
Invok: Heroism           |       |       |     3 ||     3
  Use: Scroll            |       |     3 |    14 ||    17
       Potion            |       |       |     3 ||     3
  Eat: Chunk             |     2 |     8 |    25 ||    35
       Pizza             |       |       |     1 ||     1
Armor: Leather armour    |    34 |       |       ||    34
       Ring mail         |    39 |    84 |    44 ||   167
       Plate armour      |       |       |   318 ||   318
       Robe              |       |       |    54 ||    54
Dodge: Dodged            |    90 |    83 |   247 ||   420
Block: Other             |       |    14 |    88 ||   102
       Reflection        |       |     1 |       ||     1
